 Dungeon Crawl Stone Soup version 0.18.1-8-gdd0e5ea (webtiles) character file.

842 georgeearnest the Ducker (level 7, -1/61 HPs)
             Began as a Grey Draconian Monk on May 27, 2016.
             Was an Initiate of Pakellas.
             Slain by a merfolk
             ... wielding a +0 spear
             ... created by the fury of Okawaru
              (5 damage)
             ... on level 7 of the Dungeon.
             The game lasted 00:11:42 (5850 turns).

georgeearnest the Ducker (Grey Draconian Monk)      Turns: 5850, Time: 00:11:44

Health: -1/61      AC: 14    Str: 13    XL:     7   Next: 67%
Magic:  0/7        EV: 15    Int: 11    God:    Pakellas [......]
Gold:   239        SH:  0    Dex: 15    Spells: 0 memorised, 6 levels left

rFire  . . .     SeeInvis .       - Unarmed
rCold  . . .     Gourm    .     (armour unavailable)
rNeg   . . .     Faith    .     (no shield)
rPois  +         Spirit   +     (helmet restricted)
rElec  .         Dismiss  .     (no cloak)
rCorr  .         Reflect  .     a - +0 pair of gloves
SustAt .         Harm     .     f - +1 pair of boots
MR     .....                    q - amulet of guardian spirit
Stlth  ++........               (no ring)
                                d - ring of poison resistance

@: not resistant to hostile enchantments, unstealthy
A: walk through water, unfitting armour, unbreathing, cold-blooded, AC +11
a: Renounce Religion


You were on level 7 of the Dungeon.
You worshipped Pakellas.
Pakellas was noncommittal.
You were not hungry.

You visited 1 branch of the dungeon, and saw 7 of its levels.

You collected 239 gold pieces.

Inventory:

Hand Weapons
 u - a +1 hunting sling of flaming
Missiles
 y - 43 stones (quivered)
Armour
 a - a +0 pair of gloves (worn)
 f - a +1 pair of boots (worn)
Jewellery
 d - a ring of poison resistance (left hand)
 q - an amulet of guardian spirit (around neck)
Wands
 i - a wand of random effects (23/48)
 p - a wand of lightning (6/15)
 r - a wand of confusion (25/48)
 w - a wand of disintegration (12/24)
Scrolls
 c - 4 scrolls of remove curse {unknown}
 e - a scroll of enchant armour {unknown}
 k - a scroll of amnesia {unknown}
 l - 6 scrolls of teleportation {unknown}
 o - 3 scrolls of identify {unknown}
 s - 4 scrolls of immolation {unknown}
 t - 2 scrolls of magic mapping {unknown}
 D - a scroll of fear {unknown}
Potions
 j - a potion of beneficial mutation {unknown}
 v - a potion of brilliance {unknown}
 x - a potion of berserk rage {unknown}
 z - 2 potions of flight {unknown}
 A - a potion of magic
 B - a potion of degeneration {unknown}
 C - a potion of might {unknown}
Comestibles
 b - 18 fruits
 g - 2 royal jellies
 h - a bread ration
 m - 2 beef jerkies
 n - 2 meat rations


   Skills:
 + Level 5.5 Fighting
 * Level 0.6 Slings
 + Level 5.9 Dodging
 + Level 2.9 Stealth
 + Level 5.8 Unarmed Combat


You had 6 spell levels left.
You didn't know any spells.

Dungeon Overview and Level Annotations

Branches:
Dungeon (7/15)             Temple (0/1) D:6

Altars:
Okawaru
Pakellas

Annotations:
D:3 Menkaure
D:4 Northaan's ghost, amateur MfFi


Innate Abilities, Weirdness & Mutations

You can walk through water.
Your dull iron-grey scales are very hard (AC +11).
Your body does not fit into most forms of armour.
You can survive without breathing.
You are cold-blooded and may be slowed by cold attacks.


Message History

The merfolk hits you from afar with a spear!
The merfolk hits you with a spear!
Zapping:
w - a wand of disintegration (13/24)
Press: ? - help, Shift-Dir - straight line, f/p - merfolk impaler
Aim: a merfolk impaler, wielding a trident of protection and wearing a leather armour (durably summoned, chance to defeat MR: 48%)
The merfolk impaler is blasted.
This wand has 12 charges left.
The merfolk impaler hits you with a trident of protection!
The merfolk barely misses you.
The merfolk hits you but does no damage.
Zapping:
r - a wand of confusion (26/48)
Press: ? - help, Shift-Dir - straight line, f/p - merfolk impaler
Aim: a merfolk impaler, wielding a trident of protection and wearing a leather armour (moderately wounded, durably summoned, chance to defeat MR: 28%)
The merfolk impaler easily resists.
This wand has 25 charges left.
The merfolk barely misses you.
The merfolk impaler hits you with a trident of protection!
* * * LOW HITPOINT WARNING * * *
The merfolk impaler hits you but does no damage.
The merfolk closely misses you. The merfolk hits you with a spear.
You die...
Pakellas says: That's one more possible approach eliminated.

#.#### #.# #.# #.#
#.#### #..... #.....
...#################....
.....mm@mm.........'....
..##################....
.......'....
.#######.... #####


You could see a merfolk impaler and 3 merfolk.

Vanquished Creatures
  A water moccasin (D:6)
  A black bear (D:6)
  2 ogres
  2 scorpions (D:6)
  A centaur zombie (D:6)
  A crimson imp (D:4)
  A hound (D:2)
  An orc priest (D:5)
  An iguana (D:6)
  3 orc wizards (D:5)
  A worker ant (D:6)
  A howler monkey zombie (D:5)
  4 adders
  A gnoll (D:2)
  An ooze (D:6)
  4 worms
  A dart slug (D:1)
  10 orcs
  9 bats
  5 goblins
  6 hobgoblins
  6 jackals
  3 quokkas
  2 ball pythons
  2 giant newts
  7 kobolds
  5 rats
82 creatures vanquished.

Notes
Turn   | Place    | Note
--------------------------------------------------------------
     0 | D:1      | georgeearnest the Draconian Monk began the quest for the Orb.
     0 | D:1      | Reached XP level 1. HP: 19/19 MP: 1/1
   136 | D:1      | Reached XP level 2. HP: 26/26 MP: 2/2
  1271 | D:2      | Reached XP level 3. HP: 22/31 MP: 3/3
  2530 | D:4      | Noticed Menkaure
  2633 | D:4      | Noticed an ogre
  2642 | D:4      | Killed an ogre
  2642 | D:4      | Reached XP level 4. HP: 14/41 MP: 4/4
  2642 | D:4      | Reached XP level 5. HP: 16/47 MP: 5/5
  3067 | D:4      | Noticed Northaan's ghost (amateur MfFi)
  3934 | D:5      | Entered Level 5 of the Dungeon
  4055 | D:5      | Noticed an ogre
  4063 | D:5      | Killed an ogre
  4063 | D:5      | Reached skill level 5 in Unarmed Combat
  4063 | D:5      | Reached XP level 6. HP: 51/53 MP: 6/6
  4237 | D:5      | Reached skill level 5 in Dodging
  4336 | D:5      | Found an iron altar of Okawaru.
  4368 | D:5      | Became a worshipper of Warmaster Okawaru
  4368 | D:5      | Reached * piety under Okawaru
  4368 | D:5      | Reached ** piety under Okawaru
  4674 | D:6      | Found a staircase to the Ecumenical Temple.
  4698 | D:6      | Reached skill level 5 in Fighting
  4865 | D:6      | Your scales start taking on a dull iron-grey colour.
  4865 | D:6      | Reached XP level 7. HP: 46/61 MP: 7/7
  4865 | D:6      | Gained mutation: You can survive without breathing. [Grey Draconian growth]
  5406 | D:6      | Found an oddly glowing altar of Pakellas.
  5425 | D:6      | Fell from the grace of Okawaru
  5425 | D:6      | Became a worshipper of Pakellas the Inventive
  5569 | D:6      | Noticed a two-headed ogre
  5847 | D:7      | Noticed a merfolk impaler
  5847 | D:7      | Noticed a merfolk
  5847 | D:7      | Noticed a merfolk
  5847 | D:7      | Noticed a merfolk
  5850 | D:7      | Slain by a merfolk

Skill      XL: |  1  2  3  4  5  6 |
---------------+-------------------+-----
Dodging        | 3 4 5 |  5.9
Stealth        | 2 |  2.9
Fighting       | 4 5 |  5.5
Unarmed Combat | 5 |  5.8
Slings         | |  0.6

Action                   |  1- 3 |  4- 6 |  7- 9 || total
-------------------------+-------+-------+-------++-------
Melee: Unarmed           |   128 |   208 |    50 ||   386
       Tailslap          |    14 |    34 |     6 ||    54
       Punch             |     1 |     5 |     2 ||     8
       Hunting sling     |       |       |     2 ||     2
 Fire: Hunting sling     |       |       |    27 ||    27
Evoke: Wand              |       |       |     4 ||     4
  Use: Potion            |     4 |     4 |     2 ||    10
 Stab: Sleeping          |     2 |       |       ||     2
       Distracted        |       |     1 |       ||     1
  Eat: Bread ration      |     1 |     2 |     1 ||     4
       Fruit             |       |     1 |       ||     1
Armor: Skin              |    42 |    63 |    47 ||   152
Dodge: Dodged            |   121 |   168 |   103 ||   392
